 Dungeon Crawl Stone Soup version 0.20-a0-772-g73021bd (webtiles) character file.

12453 elfninja the Carver (level 11, -3/151 HPs)
             Began as a Minotaur Berserker on Feb 27, 2017.
             Was an Elder of Trog.
             Slain by an orc warrior
             ... wielding a +0 dire flail
             ... led by an orc high priest
              (23 damage)
             ... on level 2 of the Orcish Mines on Feb 28, 2017.
             The game lasted 01:37:48 (8164 turns).

elfninja the Carver (Minotaur Berserker)            Turns: 8164, Time: 01:37:49

Health: -3/151     AC: 13    Str: 29    XL:     11   Next: 62%
Magic:  10/10      EV: 15    Int:  4    God:    Trog [****..]
Gold:   1107       SH:  4    Dex: 11    Spells: 10/10 levels left

rFire    + . .     SeeInvis .   S - +3 scimitar (flame)
rCold    . . .     Gourm    .   x - +0 troll leather armour
rNeg     . . .     Faith    .   (no shield)
rPois    .         Spirit   .   (helmet restricted)
rElec    .         Reflect  +   (no cloak)
rCorr    .         Harm     .   (no gloves)
MR       ++...                  (no boots)
Stlth    ..........             h - +4 amulet of reflection
Regen    1.8/turn               Q - +6 ring of protection
MPRegen  0.2/turn               t - ring of protection from fire

@: berserking (expiring), regenerating, drained, very quick
A: retaliatory headbutt, claws 1, horns 2, iridescent scales 1, subdued magic 1
a: Berserk, Trog's Hand, Brothers in Arms, Burn Spellbooks, Renounce Religion


You were on level 2 of the Orcish Mines.
You worshipped Trog.
Trog was greatly pleased with you.
You were very hungry.

You visited 2 branches of the dungeon, and saw 11 of its levels.

You collected 1107 gold pieces.

Inventory:

Hand Weapons
 a - a +0 falchion
 w - a +0 hunting sling
 E - a +0 shortbow
 J - a +0 long sword
 S - a +3 scimitar of flaming (weapon)
Missiles
 d - 98 sling bullets
 f - 53 poisoned needles
 F - 129 arrows
 O - 2 throwing nets (quivered)
Armour
 b - a +0 animal skin
 x - a +0 troll leather armour (worn)
 H - a +0 chain mail of magic resistance
Jewellery
 g - a +3 ring of dexterity
 h - a +4 amulet of reflection (around neck)
 m - an uncursed ring of protection from magic
 o - an uncursed ring of protection from magic
 t - a ring of protection from fire (left claw)
 y - an uncursed amulet of magic regeneration {unknown}
 D - an uncursed ring of magical power {unknown}
 K - an uncursed ring of poison resistance {unknown}
 L - the ring "Won Qaos" {Fire -Tele Dex+2 Slay+3}
   (You found it on level 8 of the Dungeon)

   [ring of fire]

   It enhances your fire magic.
   It affects your dexterity (+2).
   It affects your accuracy and damage with ranged weapons and melee attacks
   (+3).
   It protects you from fire.
   It makes you vulnerable to cold.
   It prevents most forms of teleportation.
 P - an uncursed ring of resist corrosion {unknown}
 Q - a +6 ring of protection (right claw)
 W - an uncursed amulet of regeneration {unknown}
Wands
 k - a wand of flame (45/48)
 M - a wand of paralysis (13/24)
 T - a wand of flame (41/48)
Scrolls
 e - 2 scrolls of recharging
 p - 5 scrolls of remove curse
 s - 2 scrolls of teleportation {unknown}
 v - 4 scrolls of noise {unknown}
 A - a scroll of immolation {unknown}
 B - a scroll of random uselessness {unknown}
 C - a scroll of fear {unknown}
 I - a scroll of amnesia {unknown}
 N - 2 scrolls of enchant weapon {unknown}
 R - a scroll of silence {unknown}
 X - a scroll of identify
Potions
 i - 3 potions of mutation
 j - 2 potions of cancellation {unknown}
 l - 2 potions of flight
 r - a potion of degeneration {unknown}
 z - 4 potions of haste {unknown}
 G - a potion of magic {unknown}
 U - 2 potions of heal wounds {unknown}
 V - a potion of curing
 Z - a potion of might {unknown}
Comestibles
 c - 2 bread rations
 n - 5 meat rations
 q - a royal jelly
 u - 6 fruits
 Y - 7 chunks of flesh


   Skills:
 + Level 10.9(10.7) Fighting
 + Level 14.1(13.8) Long Blades
 + Level 6.0(5.8) Bows
 + Level 0.6(0.4) Throwing
 + Level 6.5(6.3) Armour
 + Level 8.2(8.0) Dodging
 + Level 4.3(4.1) Stealth


You had 10 spell levels left.
You didn't know any spells.

Dungeon Overview and Level Annotations

Branches:
Dungeon (9/15)             Temple (0/1) D:4            Lair (0/6) D:9
    Orc (2/2) D:9             Elf (0/3) Orc:2

Altars:
Cheibriados
Dithmenos
Makhleb
Ru
Vehumet
Wu Jian
Yredelemnul
Zin
Beogh


Innate Abilities, Weirdness & Mutations

You reflexively headbutt those who attack you in melee.
You have a pair of horns on your head.
You have sharp fingernails.
You are partially covered in iridescent scales. (AC +2)
Your spells are a little easier to cast, but a little less powerful.


Message History

Trog accepts your kill.
You barely miss the ice devil. You headbutt the ice devil!
The ice devil is lightly wounded.
You block the ice devil's attack.
You barely miss the ice devil.
You headbutt the ice devil, but do no damage.
The ice devil is lightly wounded.
The soul eater hits you but does no damage.
The orc high priest hits you from afar with a trident.
* * * LOW HITPOINT WARNING * * *
You slice the orc warrior!! You burn the orc warrior.
Your headbutt misses the orc warrior.
The orc warrior is almost dead.
The ice devil closely misses you.
You riposte.
You closely miss the ice devil.
The ice devil is lightly wounded.
You completely miss the orc warrior.
The orc warrior is almost dead.
The soul eater hits you but does no damage.
The orc warrior hits you with a dire flail!!
You die...

##.# #.#. ....
##... ...#......
#....##.........
#..(............
##..$........$..
#....o.#......#
##....4o3#.....#.
#.....)@..$......
#..$......#....#
##.......)....#..
#.......(..<....
#.............>.
#...............
#...)[..........
#...............
##...#..........#


You could see a soul eater, an orc high priest, an ice devil and an orc warrior.

Vanquished Creatures
  An orc warlord (Orc:1)
  A two-headed ogre (Orc:1)
  3 orc sorcerers
  The ghost of loom the Firebug, a novice DrFE (D:6)
  A cyclops (Orc:1)
  4 trolls
  A hornet (D:7)
  Grinder (D:5)
  3 hippogriffs
  Sigmund (D:4)
  Eustachio (D:6)
  Menkaure (D:4)
  Edmund (D:6)
  5 wargs
  6 orc warriors
  An ice beast (D:8)
  A sky beast (D:7)
  7 ogres
  2 centaurs
  An elf zombie (D:7)
  7 bullfrogs
  A big kobold (D:9)
  A wyvern zombie (D:9)
  An elf skeleton (D:7)
  A water moccasin zombie (D:9)
  5 scorpions
  A troll zombie (D:7)
  10 killer bees
  A howler monkey (D:7)
  2 bullfrog zombies
  4 human zombies (D:7)
  4 crimson imps
  5 hounds
  2 jellies
  9 orc priests
  A centaur skeleton (D:4)
  An iron imp (D:6)
  2 iguanas
  3 human skeletons (D:7)
  12 orc wizards
  3 worker ants (D:4)
  A killer bee zombie (D:9)
  3 hound skeletons
  A worker ant zombie (D:7)
  3 gnolls (D:8)
  16 adders
  A shadow imp (D:5)
  2 oozes (D:3)
  An adder zombie (D:7)
  3 dart slugs
  2 leopard geckos
  33 orcs
  4 bats
  3 giant cockroaches
  5 goblins
  9 hobgoblins
  12 jackals
  3 quokkas
  2 ball pythons
  4 frilled lizards
  8 kobolds
  2 leopard gecko skeletons
  An orc skeleton (D:7)
  An orc zombie (D:7)
  3 rats
242 creatures vanquished.

Vanquished Creatures (collateral kills)
  Erica (D:8)
  A two-headed ogre (D:9)
  An orc warrior (Orc:1)
  A centaur (D:9)
  A howler monkey (D:8)
5 creatures vanquished.

Grand Total: 247 creatures vanquished

Notes
Turn   | Place    | Note
-------+----------+-------------------------------------------
     0 | D:1      | elfninja the Minotaur Berserker began the quest for the Orb.
     0 | D:1      | Reached XP level 1. HP: 19/19 MP: 0/0
   142 | D:1      | Reached XP level 2. HP: 23/27 MP: 1/1
   210 | D:1      | Reached skill level 4 in Long Blades
   671 | D:1      | Reached XP level 3. HP: 33/33 MP: 2/2
   723 | D:1      | Reached ** piety under Trog
  1504 | D:2      | Reached XP level 4. HP: 40/41 MP: 3/3
  1506 | D:2      | Gained mutation: You are partially covered in iridescent scales. (AC +2) [potion of mutation]
  1506 | D:2      | Gained mutation: Your spells are a little easier to cast, but a little less powerful. [potion of mutation]
  1506 | D:2      | Gained mutation: You have sharp fingernails. [potion of mutation]
  1705 | D:3      | Reached skill level 5 in Long Blades
  1930 | D:3      | Found a shadowy altar of Dithmenos.
  2059 | D:3      | Found a faded altar of an unknown god.
  2138 | D:3      | Reached skill level 5 in Fighting
  2138 | D:3      | Reached XP level 5. HP: 10/48 MP: 4/4
  2848 | D:4      | Noticed Sigmund
  2860 | D:4      | Killed Sigmund
  2860 | D:4      | Reached skill level 6 in Long Blades
  2860 | D:4      | Reached XP level 6. HP: 39/56 MP: 5/5
  2866 | D:4      | Found a staircase to the Ecumenical Temple.
  2954 | D:4      | Noticed Menkaure
  2962 | D:4      | Killed Menkaure
  2962 | D:4      | Reached skill level 1 in Stealth
  2962 | D:4      | Reached XP level 7. HP: 38/61 MP: 6/6
  3231 | D:4      | Reached skill level 7 in Long Blades
  3571 | D:5      | Entered Level 5 of the Dungeon
  3897 | D:5      | Reached *** piety under Trog
  3897 | D:5      | Reached skill level 5 in Dodging
  3934 | D:5      | Reached skill level 8 in Long Blades
  4118 | D:5      | Reached XP level 8. HP: 71/71 MP: 7/7
  4152 | D:5      | Noticed Grinder
  4161 | D:5      | Killed Grinder
  4301 | D:6      | Noticed Eustachio
  4308 | D:6      | Killed Eustachio
  4390 | D:6      | Reached skill level 9 in Long Blades
  4494 | D:6      | Noticed loom's ghost (novice DrFE)
  4514 | D:6      | Killed loom's ghost
  4570 | D:6      | Reached skill level 10 in Long Blades
  4570 | D:6      | Reached skill level 5 in Armour
  4570 | D:6      | Reached XP level 9. HP: 79/79 MP: 8/8
  4727 | D:6      | Found a snail-covered altar of Cheibriados.
  4833 | D:6      | Noticed Edmund
  4853 | D:6      | Killed Edmund
  4911 | D:7      | Found an ornate altar of the Wu Jian Council.
  4961 | D:7      | Reached skill level 1 in Bows
  5140 | D:7      | Reached skill level 11 in Long Blades
  5661 | D:7      | Found a sacrificial altar of Ru.
  5661 | D:7      | Found a radiant altar of Vehumet.
  5661 | D:7      | Found a glowing silver altar of Zin.
  5800 | D:7      | Found a basalt altar of Yredelemnul.
  5875 | D:7      | Reached **** piety under Trog
  5966 | D:8      | Got a fine marble ring
  5972 | D:8      | Identified the ring "Won Qaos" {Fire -Tele Dex+2 Slay+3} (You found it on level 8 of the Dungeon)
  6082 | D:8      | Reached XP level 10. HP: 90/90 MP: 9/9
  6248 | D:8      | Reached skill level 12 in Long Blades
  6354 | D:8      | Noticed Erica
  6372 | D:8      | Killed Erica
  6841 | D:9      | Found a staircase to the Lair.
  6844 | D:9      | Reached ***** piety under Trog
  6975 | D:9      | Noticed a two-headed ogre
  7040 | D:9      | Found a burning altar of Makhleb.
  7217 | D:9      | Killed a two-headed ogre
  7217 | D:9      | Reached skill level 13 in Long Blades
  7367 | D:9      | Found a staircase to the Orcish Mines.
  7632 | Orc:1    | Entered Level 1 of the Orcish Mines
  7632 | Orc:1    | Found a roughly hewn altar of Beogh.
  7636 | Orc:1    | Noticed an orc sorcerer
  7639 | Orc:1    | Paralysed by an orc sorcerer for 4 turns
  7654 | Orc:1    | Killed an orc sorcerer
  7654 | Orc:1    | Reached skill level 10 in Fighting
  7656 | Orc:1    | Reached XP level 11. HP: 99/99 MP: 10/10
  7814 | Orc:1    | Noticed an orc sorcerer
  7817 | Orc:1    | Noticed an orc warlord
  7823 | Orc:1    | Noticed a two-headed ogre
  7825 | Orc:1    | Killed an orc sorcerer
  7833 | Orc:1    | Killed an orc warlord
  7833 | Orc:1    | Reached skill level 5 in Bows
  7840 | Orc:1    | Killed a two-headed ogre
  8058 | Orc:2    | Entered Level 2 of the Orcish Mines
  8061 | Orc:2    | Found a burning altar of Makhleb.
  8070 | Orc:2    | Received a gift from Trog
  8091 | Orc:2    | Noticed an orc sorcerer
  8104 | Orc:2    | Killed an orc sorcerer
  8118 | Orc:2    | Reached skill level 14 in Long Blades
  8130 | Orc:2    | Found a staircase to the Elven Halls.
  8145 | Orc:2    | Noticed an orc high priest
  8153 | Orc:2    | Noticed a soul eater
  8164 | Orc:2    | Slain by an orc warrior

Vault maps used:
D:1:      minmay_arrival_plants_in_alcoves
D:2:      first_bread
D:3:      chequers_ecumenical_altar_simple_redux,
          grunt_dithmenos_smoke_and_mirrors
D:4:      temple_pool_b, uniq_menkaure, uniq_sigmund
D:5:      minmay_liquid_box, uniq_grinder
D:6:      slow_altar_2, uniq_eustachio, uniq_edmund
D:7:      lemuel_mausoleum_altar_yredelemnul, gammafunk_temple_overflow_claw,
          old_standard_altar
D:8:      uniq_erica
D:9:      nicolae_overflow_crystal_walls, erik_lair_orcish_takeover, orc_0_dummy
Orc:1:    basic_altar, uniq_nergalle
Orc:2:    pf_orc_diabolical, bloody_makhleb

Skill      XL: |  1  2  3  4  5  6  7  8  9 10 11 |
---------------+----------------------------------+-----
Long Blades    | 4 5 6 8 10 11 13 14 | 14.1
Fighting       | 4 5 6 7 8 10 | 10.9
Dodging        | 3 4 5 6 7 8 |  8.2
Armour         | 3 5 6 |  6.5
Stealth        | 1 2 3 4 |  4.3
Bows           | 3 4 6 |  6.0
Throwing       | |  0.6

Action                   |  1- 3 |  4- 6 |  7- 9 | 10-12 || total
-------------------------+-------+-------+-------+-------++-------
Melee: Falchion          |    70 |   102 |   345 |    35 ||   552
       Headbutt          |    11 |    17 |    89 |    45 ||   162
       Scimitar          |       |       |       |   151 ||   151
 Fire: Shortbow          |       |       |    17 |    30 ||    47
Throw: Tomahawk          |       |       |     1 |     1 ||     2
Invok: Trog's Hand       |       |     2 |     1 |     3 ||     6
       Berserk           |       |     2 |     6 |     6 ||    14
       Brothers in Arms  |       |       |       |     5 ||     5
  Use: Scroll            |     1 |     4 |     4 |     1 ||    10
       Potion            |       |     8 |     1 |       ||     9
 Stab: Sleeping          |       |     1 |     4 |     1 ||     6
  Eat: Chunk             |     2 |     7 |     7 |    11 ||    27
       Bread ration      |       |       |     2 |       ||     2
       Royal jelly       |       |       |     1 |     1 ||     2
Armor: Animal skin       |    12 |     9 |       |       ||    21
       Skin              |       |    12 |       |       ||    12
       Troll leather arm |       |     5 |    70 |    46 ||   121
Dodge: Dodged            |    42 |    46 |   173 |    96 ||   357
Block: Other             |       |     8 |    31 |    25 ||    64
       Reflection        |       |       |     1 |     2 ||     3
       Rpst.: Falchion   |    10 |    11 |    48 |     8 ||    77
       Scimitar          |       |       |       |    19 ||    19
